 Dungeon Crawl Stone Soup version 0.31.0-11-ge490571c62 (webtiles) character file.

Game seed: 5092080616956897012

60 qw the Shooter (level 3, -2/18 HPs)
             Began as a Spriggan Hunter on Feb 4, 2024.
             Killed by divine providence
             ... invoked by an orc priest
              (10 damage)
             ... on level 3 of the Dungeon.
             The game lasted 00:00:26 (1597 turns).

qw the Shooter (Spriggan Hunter)                    Turns: 1597, Time: 00:00:27

Health: -2/18      AC:  2    Str:  7    XL:     3   Next: 82%
Magic:  4/4        EV: 19    Int: 10    God:
Gold:   89         SH:  0    Dex: 20    Spells: 2/2 levels left

rFire   . . .        a - +0 shortbow
rCold   . . .        (shield currently unavailable)
rNeg    . . .        c - +0 robe
rPois   .            (helmet restricted)
rElec   .            (no cloak)
rCorr   .            (gloves unavailable)
SInv    +            (boots unavailable)
Will    .....        (no amulet)
Stlth   ++           (no ring)
HPRegen 0.23/turn    (no ring)
MPRegen 0.09/turn

%: no passive effects
@: very quick
A: very small, no large weapons, unfitting armour, see invisible, speed 3
a: no special abilities


You were on level 3 of the Dungeon.
You visited 1 branch of the dungeon, and saw 3 of its levels.

You collected 159 gold pieces.
You spent 70 gold pieces at shops.


Innate Abilities, Weirdness & Mutations

You are very small and have problems with some larger weapons.
You are too small for most types of armour.
You have supernaturally acute eyesight. (SInv)
You cover ground extremely quickly. (Speed+++)


   Skills:
 - Level 1.5 Fighting
 - Level 5.0 Ranged Weapons
 + Level 4.0 Dodging
 - Level 1.5 Stealth


You had 2 spell levels left.
You didn't know any spells.
Your spell library was empty.

Inventory:

Hand Weapons
 a - a +0 shortbow (weapon)
Armour
 c - a +0 robe (worn)
Scrolls
 d - a scroll of noise {unknown}
 f - a scroll of teleportation
Potions
 b - a potion of enlightenment {unknown}
 e - a potion of curing
 g - a potion of lignification {unknown}

Dungeon Overview and Level Annotations

Branches:
Dungeon (3/15)

Altars:

Shops:
D:1 ?[   D:2 *


Message History

The orc is heavily wounded.
The orc misses you.
You shoot an arrow. The arrow closely misses the orc.
The orc completely misses you. The orc closely misses you.
You shoot an arrow. The arrow hits the orc.
You kill the orc!
The orc completely misses you.
You shoot an arrow.
The arrow hits the orc but does no damage.
You shoot an arrow. The arrow barely misses the orc priest.
The orc completely misses you. The orc priest completely misses you.
You shoot an arrow.
The arrow hits the orc priest but does no damage.
The orc priest completely misses you. The orc completely misses you.
The orc priest completely misses you. The orc hits you with a +0 short sword.
You shoot an arrow.
The arrow hits the orc priest but does no damage.
The orc closely misses you. The orc priest barely misses you.
You shoot an arrow.
The arrow closely misses the orc priest.
The orc barely misses you. The orc priest completely misses you.
You shoot an arrow.
The arrow hits the orc priest but does no damage.
The orc hits you with a +0 short sword. The orc priest barely misses you.
You shoot an arrow.
The arrow completely misses the orc priest.
The orc closely misses you. The orc priest misses you.
You shoot an arrow. The arrow hits the orc priest.
The orc priest is moderately wounded.
The orc priest misses you. The orc completely misses you.
You shoot an arrow. The arrow hits the orc priest.
The orc priest is severely wounded.
The orc misses you.
The orc priest hits you but does no damage.
You shoot an arrow. The arrow barely misses the orc priest.
The orc hits you with a +0 short sword. The orc priest completely misses you.
The orc priest mumbles some strange prayers to Beogh against you.
Beogh smites you!
Ouch! That really hurt!
You die...

## .######
......# .####.#
## #.# # #.# #
#.# #
#.#############
#
#...........@o#
#
#############o#
####### .#
....... .)
###### ... #
..## ###


You could see an orc priest and an orc.

Vanquished Creatures
  An adder (D:2)
  A ribbon worm (D:2)
  2 orcs (D:3)
  4 bats
  6 endoplasms
  A giant cockroach (D:3)
  4 goblins
  2 hobgoblins (D:1)
  4 kobolds
  4 quokkas
  3 ball pythons
  2 frilled lizards (D:2)
  13 rats
47 creatures vanquished.

Notes
Turn   | Place    | Note
-------+----------+-------------------------------------------
     0 | D:1      | qw the Spriggan Hunter began the quest for the Orb.
     0 | D:1      | Reached XP level 1. HP: 10/10 MP: 2/2
     0 | D:1      | 0 ||| qw: Version: 0.3-a-160-g6735b56
     0 | D:1      | 0 ||| qw: Game counter: 5790
     0 | D:1      | 0 ||| qw: Melee chars always use a shield: true
     0 | D:1      | 0 ||| qw: God list: Okawaru
     0 | D:1      | 0 ||| qw: Allow faded altars: false
     0 | D:1      | 0 ||| qw: Do Orc after clearing Dungeon:15 true
     0 | D:1      | 0 ||| qw: Do second Lair branch before Depths: true
     0 | D:1      | 0 ||| qw: Lair rune preference: random
     0 | D:1      | 0 ||| qw: Goals: Normal
     0 | D:1      | 0 ||| PLANNING D:1-11
    42 | D:1      | Found Hogrypa's Magic Scroll Boutique.
    46 | D:1      | 46 ||| SHOPLISTING scroll of enchant weapon (82 gold, have
                  | 0).
    46 | D:1      | 46 ||| SHOPLISTING scroll of identify (22 gold, have 0).
    46 | D:1      | 46 ||| SHOPLISTING scroll of teleportation (33 gold, have
                  | 0).
    52 | D:1      | Found Meyrhul's Antique Armour Emporium.
    60 | D:1      | 60 ||| SHOPLISTING embroidered robe (111 gold, have 0).
    78 | D:1      | Reached skill level 3 in Dodging
   207 | D:1      | Reached XP level 2. HP: 14/14 MP: 3/3
   728 | D:1      | 728 ||| READING 2 scrolls labelled POECAN UDIOZUA.
   728 | D:1      | 728 ||| IDENTIFYING fuming orange potion
   729 | D:1      | 729 ||| READING scroll of identify.
   729 | D:1      | 729 ||| IDENTIFYING scroll labelled ECIAMO TUBLIRYM
   730 | D:1      | 730 ||| DROPPING scroll of butterflies.
   872 | D:2      | Reached XP level 3. HP: 18/18 MP: 4/4
   924 | D:2      | Found Daved's Assorted Antiques.
   929 | D:2      | 929 ||| BUYING green potion (16 gold).
   929 | D:2      | Bought a green potion for 16 gold pieces
   929 | D:2      | 929 ||| BUYING scroll labelled IFONO GAMUP (18 gold).
   929 | D:2      | Bought a scroll labelled IFONO GAMUP for 18 gold pieces
   929 | D:2      | 929 ||| BUYING scroll labelled PEKUPL FAPOARI (18 gold).
   929 | D:2      | Bought a scroll labelled PEKUPL FAPOARI for 18 gold pieces
   929 | D:2      | 929 ||| BUYING scroll labelled PEKUPL FAPOARI (18 gold).
   929 | D:2      | Bought a scroll labelled PEKUPL FAPOARI for 18 gold pieces
   929 | D:2      | 929 ||| SHOPLISTING scroll of identify (36 gold, have 20).
  1409 | D:2      | 1409 ||| READING scroll labelled IFONO GAMUP.
  1510 | D:2      | 1510 ||| READING 2 scrolls labelled PEKUPL FAPOARI.
  1511 | D:2      | 1511 ||| READING scroll labelled SIBELLYIPT.
  1511 | D:2      | 1511 ||| ENCHANTING +0 shortbow.
  1512 | D:2      | 1512 ||| DROPPING scroll of fear.
  1583 | D:3      | Reached skill level 5 in Ranged Weapons
  1597 | D:3      | Killed from afar by an orc priest

Levels and vault maps discovered:
D:1:      evilmike_arrival_grusome_pit, layout_basic, serial_shops, shop,
          nicolae_shop_tiny_statue_garden, amcnicky_mini_rare_corridor_liquid
D:2:      layout_loops_ring, serial_shops, shop, minmay_rat_gold_closets
D:3:      layout_loops_ring, mainiacjoe_overflow_24_doors,
          kennysheep_cluttered_room

Skill      XL: |  1  2  3 |
---------------+----------+-----
Dodging        | 3 4 |  4.0
Ranged Weapons | 5 |  5.0
Fighting       | |  1.5
Stealth        | |  1.5

Action                     || total
---------------------------++-------
   Fire: Shortbow          ||   129
    Use: Scroll            ||     5
 Armour: Robe              ||     8
  Dodge: Dodged            ||    34

Table legend:
 A = Non-vault XP
 B = Vault XP
 C = Vault XP percentage of total XP
 D = Non-vault monster count
 E = Vault monster count
 F = Vault count percentage of total count
                 A         B        C        D         E       F
            +---------+---------+-------+---------+---------+-------
      Total |      81 |       6 |   6.9 |      41 |       6 |  12.8
            +---------+---------+-------+---------+---------+-------
        D:1 |      36 |       0 |   0.0 |      23 |       0 |   0.0
        D:2 |      37 |       6 |  14.0 |      15 |       6 |  28.6
        D:3 |       8 |       0 |   0.0 |       3 |       0 |   0.0
            +---------+---------+-------+---------+---------+-------
